 Dungeon Crawl Stone Soup version 0.28.0-45-g0d030f2227 (webtiles) character file.

Game seed: 1488355467131378477

2491 Zeld the Destroyer (level 9, -7/62 HPs)
             Began as a White Draconian Conjurer on Apr 8, 2022.
             Was a Follower of Vehumet.
             Mangled by Harold
             ... wielding a +0 glaive
              (8 damage)
             ... on level 8 of the Dungeon.
             The game lasted 00:12:04 (11310 turns).

Zeld the Destroyer (White Draconian Conjurer)      Turns: 11310, Time: 00:12:05

Health: -7/62      AC:  7    Str: 11    XL:     9   Next: 27%
Magic:  10/19      EV:  6    Int: 22    God:    Vehumet [*.....]
Gold:   39         SH:  0    Dex: 13    Spells: 10/21 levels left

rFire   . . .      SeeInvis .   a - +2 great sword of Truncation {venom, rN+ Will+ Dex+4}
rCold   + . .      Faith    .   (shield currently unavailable)
rNeg    + . .      Spirit   .   (armour unavailable)
rPois   .          Reflect  .   (helmet restricted)
rElec   .          Harm     .   (no cloak)
rCorr   .          Rampage  .   (no gloves)
Will    +....                   (no boots)
Stlth   ++........              (no amulet)
HPRegen 0.20/turn               (no ring)
MPRegen 0.16/turn               (no ring)

@: about to teleport, held
A: breathe frost, AC +7, unfitting armour, cold resistance 1, cold-blooded
a: Breathe Frost, Renounce Religion


You were on level 8 of the Dungeon.
You worshipped Vehumet.
Vehumet was aware of your devotion.
You visited 2 branches of the dungeon, and saw 9 of its levels.
You also visited: Ossuary.

You collected 414 gold pieces.
You spent 375 gold pieces at shops.

Inventory:

Hand Weapons
 a - the +2 great sword of Truncation (weapon) {venom, rN+ Will+ Dex+4}
   (You bought it in a shop on level 6 of the Dungeon)

   It poisons the flesh of those it strikes.
   Dex:       It affects your dexterity (+4).
   rN:        It protects you from negative energy.
   Will:      It increases your willpower.
Wands
 s - a wand of polymorph (12)
Scrolls
 b - a scroll of teleportation
 d - a scroll of fear {unknown}
 e - 2 scrolls of amnesia
 g - 4 scrolls of enchant armour
 k - a scroll of identify
 l - 3 scrolls of enchant weapon
 r - a scroll of holy word
 u - a scroll of brand weapon {unknown}
Potions
 c - 2 potions of might
 f - 2 potions of brilliance
 h - 2 potions of lignification {unknown}
 i - 2 potions of berserk rage {unknown}
 j - 2 potions of heal wounds {unknown}
 m - 2 potions of haste
 n - 2 potions of cancellation {unknown}
 o - 2 potions of flight {unknown}
 p - a potion of ambrosia {unknown}
 q - a potion of attraction {unknown}


   Skills:
 - Level 2.0 Dodging
 - Level 2.0 Stealth
 + Level 6.9 Spellcasting
 * Level 11.0 Conjurations


You had 10 spell levels left.
You knew the following spells:

 Your Spells              Type           Power      Damage    Failure   Level
a - Magic Dart            Conj           100%       1d8       1%          1
b - Searing Ray           Conj           100%       2d8       1%          2
c - Fulminant Prism       Conj/Hex       15%        3d11      9%          4
d - Iskenderun's Mystic   Conj/Tloc      31%        2d8       9%          4

Your spell library contained the following spells:

 Spells                   Type           Power      Damage    Failure   Level
 Freeze                   Ice            28%        1d5       9%          1
 Dazzling Flash           Conj/Hex       62%        N/A       2%          3
 Stone Arrow              Conj/Erth      62%        3d10      2%          3
 Mephitic Cloud           Conj/Pois/Air  23%        N/A       5%          3
 Animate Skeleton         Necr           14%        N/A       9%          1
 Apportation              Tloc           14%        N/A       9%          1
 Sandblast                Erth           14%        2d6       9%          1
 Summon Small Mammal      Summ           28%        N/A       9%          1
 Call Imp                 Summ           7%         N/A       13%         2
 Corpse Rot               Necr/Air       14%        N/A       13%         2
 Passwall                 Tmut/Erth      5%         N/A       13%         2
 Poisonous Vapours        Pois/Air       14%        N/A       13%         2
 Sublimation of Blood     Necr           7%         N/A       13%         2
 Irradiate                Conj/Tmut      15%        3d19      24%         5
 Petrify                  Tmut/Erth      7%         N/A       63%         4


Dungeon Overview and Level Annotations

Branches:
Dungeon (8/15)             Temple (1/1) D:7         Ossuary (visited)
   Lair: D:8-11

Altars:
Cheibriados
Dithmenos
Elyvilon
Fedhas
Hepliaklqana
Kikubaaqudgha
Makhleb
Okawaru
Qazlal
Sif Muna
Trog
Uskayaw
Vehumet
Wu Jian
Xom
The Shining One

Shops:
D:4 *   D:5 (   D:6 (

Annotations:
D:8 Harold, Prince Ribbit


Innate Abilities, Weirdness & Mutations

You can breathe waves of freezing cold which knock back foes.
Your icy white scales are hard. (AC +7)
You cannot fit into any form of body armour.
Your flesh is cold resistant. (rC+)
You are cold-blooded and may be slowed by cold attacks.


Message History

Harold is moderately wounded.
You hear a shout! x2
You see here a throwing net.
Unknown command.
Casting: Fulminant Prism (dangerous; 9% risk of failure)
Confirm with . or Enter, or press ? or * to list all spells.
Aiming: Searing Ray (safe; 1% risk of failure)
Press: ? - help, Shift-Dir - straight line, f - Harold
Aim: Harold, wielding a +0 glaive, wearing a +0 chain mail and quivering 2 throwing nets (moderately wounded, 92% to hit)
The searing ray hits Harold.
Harold is moderately wounded. (Press . to maintain the ray.)
The searing ray hits Harold.
Harold is moderately wounded.
Harold hits you from afar with a +0 glaive!!
The searing ray hits Harold!
Harold is heavily wounded.
Harold points at you and mumbles some strange words.
You barely resist.
Unknown command.
As you read the scroll of teleportation, it crumbles to dust.
You feel strangely unstable. Harold barely misses you.
Casting: Searing Ray (safe; 1% risk of failure)
Confirm with . or Enter, or press ? or * to list all spells.
Aiming: Searing Ray (safe; 1% risk of failure)
Press: ? - help, Shift-Dir - straight line, f/p - Harold
Aim: Harold, wielding a +0 glaive, wearing a +0 chain mail and quivering 2 throwing nets (heavily wounded, 92% to hit)
The searing ray hits Harold.
Harold is heavily wounded. (Press . to maintain the ray.) Harold hits you from afar with a +0 glaive!
* * * LOW HITPOINT WARNING * * *
Unknown command.
You struggle against the net.
Harold hits you from afar with a +0 glaive!
* * * LOW HITPOINT WARNING * * *
Unknown command.
You struggle against the net.
Prince Ribbit blinks!
Harold hits you from afar with a +0 glaive!
You die...

#...............#.......#(..
......###.>.............#.))
....####...#..[....)..[....)
.............[....#####...).
...........)[(<.)......#....
.............###..........
.....##+#'## #..........
..... #.#.####..........
..##'#.##@#..........#####
.......@.............# .
.....................# .#
##...)F.ยง..#.#.......###.#
#.........#.............#
#...........#.#.........#
...##..........#..........
........####.###..........
...#..######.. +..........


You could see Harold and Prince Ribbit.

Vanquished Creatures
  A komodo dragon (D:8)
  The ghost of croobank the Shield-Bearer, an amateur GnFi (D:4)
  Menkaure (D:4)
  A water moccasin (D:5)
  An orc warrior (D:8)
  An ogre (D:6)
  3 centaurs
  A bullfrog (D:6)
  An elf zombie (Ossuary)
  A scorpion (D:5)
  2 gnoll sergeants
  A water moccasin skeleton (D:4)
  5 wights
  A howler monkey (D:7)
  A human zombie (Ossuary)
  2 centaur zombies (Ossuary)
  A centaur skeleton (D:7)
  A gnoll shaman (D:7)
  2 orc priests (D:8)
  3 hounds
  An iguana (D:6)
  3 orc wizards
  A killer bee zombie (D:4)
  2 mummies (Ossuary)
  7 adders
  17 gnolls
  2 white imps
  4 adder zombies (Ossuary)
  10 orcs
  2 bats
  6 endoplasms
  2 giant cockroaches
  2 goblins
  4 hobgoblins
  2 jackals (D:4)
  2 quokkas (D:3)
  5 ball pythons
  4 frilled lizards
  A goblin zombie (Ossuary)
  12 hobgoblin zombies (Ossuary)
  A jackal zombie (Ossuary)
  5 kobolds
  4 kobold zombies (Ossuary)
  10 orc zombies (Ossuary)
  2 rats
  A rat zombie (Ossuary)
143 creatures vanquished.

Vanquished Creatures (others)
  11 fulminant prisms
11 creatures vanquished.

Grand Total: 154 creatures vanquished

Notes
Turn   | Place    | Note
-------+----------+-------------------------------------------
     0 | D:1      | Zeld the Draconian Conjurer began the quest for the Orb.
     0 | D:1      | Reached XP level 1. HP: 14/14 MP: 3/3
   238 | D:1      | Reached XP level 2. HP: 17/20 MP: 0/5
   241 | D:1      | Learned a level 2 spell: Searing Ray
  1254 | D:2      | Found a faded altar of an unknown god.
  1276 | D:2      | Reached XP level 3. HP: 26/26 MP: 0/6
  1888 | D:2      | Reached skill level 5 in Conjurations
  2341 | D:3      | Found a burning altar of Makhleb.
  2691 | D:3      | Reached XP level 4. HP: 13/33 MP: 0/8
  3331 | D:4      | Learned a level 4 spell: Fulminant Prism
  3407 | D:4      | Identified the +5 hand axe "Fish" {venom, rF+}
  3439 | D:4      | Noticed croobank's ghost (amateur GnFi)
  3499 | D:4      | Found a runed translucent door.
  3649 | D:4      | Found an iron altar of Okawaru.
  3799 | D:4      | Found Vangolim's Assorted Antiques.
  3807 | D:4      | Bought a puce potion for 21 gold pieces
  3807 | D:4      | Bought a smoky blue potion for 21 gold pieces
  3807 | D:4      | Bought a scroll labelled IZEJIA EZXAOWN for 24 gold pieces
  3807 | D:4      | Bought a scroll labelled IZEJIA EZXAOWN for 24 gold pieces
  3807 | D:4      | Bought a fuming clear potion for 21 gold pieces
  3834 | D:4      | Reached XP level 5. HP: 23/38 MP: 2/9
  4123 | D:4      | Noticed Menkaure
  4131 | D:4      | Killed Menkaure
  4132 | D:4      | Reached skill level 6 in Conjurations
  4132 | D:4      | Reached XP level 6. HP: 14/45 MP: 0/11
  4137 | D:4      | Learned a level 4 spell: Iskenderun's Mystic Blast
  4475 | D:5      | Entered Level 5 of the Dungeon
  4475 | D:5      | Found Tyar's Weapon Shoppe.
  4497 | D:5      | Noticed a water moccasin
  4506 | D:5      | Killed a water moccasin
  4795 | D:5      | Reached skill level 7 in Conjurations
  4795 | D:5      | Your scales start taking on an icy white colour.
  4795 | D:5      | Reached XP level 7. HP: 28/50 MP: 5/13
  4795 | D:5      | Gained mutation: Your flesh is cold resistant. (rC+) [White
                  | Draconian growth]
  5929 | D:6      | Noticed Edmund
  6189 | D:6      | Found Xuang's Antique Weapon Shoppe.
  6449 | D:6      | Reached skill level 8 in Conjurations
  6972 | D:6      | Reached skill level 5 in Spellcasting
  7079 | D:6      | Noticed Edmund
  7079 | D:6      | Edmund changed into Edmund the hound
  7082 | D:6      | Killed Edmund the hound
  7083 | D:6      | Reached XP level 8. HP: 26/57 MP: 10/15
  7702 | D:7      | Reached skill level 9 in Conjurations
  8873 | D:7      | Found a staircase to the Ecumenical Temple.
  8900 | Temple   | Entered the Ecumenical Temple
  9040 | Temple   | Became a worshipper of Vehumet
  9387 | D:6      | Bought a bone great sword for 264 gold pieces
  9387 | D:6      | Identified the +2 great sword of Truncation {venom, rN+
                  | Will+ Dex+4} (You bought it in a shop on level 6 of the
                  | Dungeon)
  9499 | D:4      | Killed croobank's ghost
  9500 | D:4      | Reached skill level 10 in Conjurations
  9817 | D:8      | Noticed a green ugly thing
 10150 | D:8      | Noticed a komodo dragon
 10162 | D:8      | Noticed Prince Ribbit
 10165 | D:8      | Reached XP level 9. HP: 34/62 MP: 3/18
 10170 | D:8      | Killed a komodo dragon
 10456 | D:8      | Noticed Harold
 10469 | D:8      | Found a sand-covered staircase.
 10474 | Ossuary  | Entered an ossuary
 10709 | Ossuary  | Reached * piety under Vehumet
 10709 | Ossuary  | Offered knowledge of Freeze by Vehumet.
 11087 | Ossuary  | Reached skill level 11 in Conjurations
 11309 | D:8      | HP: 1/62 [Harold/+0 glaive (12)]
 11310 | D:8      | Mangled by Harold

Illustrated notes

Levels and vault maps discovered:
D:1:      minmay_arrival_diagonal_passages, layout_loops_ring,
          chequers_serial_rivers_micro_d
D:2:      layout_rooms, hellmonk_ecumenical_altar_run_dry
D:3:      layout_basic, mainiacjoe_overflow_boulevard, interstate_on_off
D:4:      layout_gridville, kennysheep_mini, serial_shops,
          nicolae_stop_n_shop_2, hellmonk_ghost_happy_afterlife, uniq_menkaure
D:5:      layout_rooms, serial_shops, nicolae_shop_stone, lightli_minifort
D:6:      layout_cave_pods, serial_shops, nicolae_take_the_stairs,
          glass_columns_c, uniq_edmund
D:7:      layout_cave_pools, minmay_temple_entry_statues_pillars
D:8:      cheibrodos_elevator_heist, layout_basic,
          nicolae_ru_sacrificial_ziggurat, enter_ossuary_5, uniq_prince_ribbit1,
          uniq_harold
Temple:   dpeg_chambers_temple

Skill      XL: |  1  2  3  4  5  6  7  8  9 |
---------------+----------------------------+-----
Dodging        | 2 |  2.0
Stealth        | 2 |  2.0
Conjurations   | 5 6 7 8 10 11 | 11.0
Spellcasting   | 3 4 5 6 |  6.9

Action                   |  1- 3 |  4- 6 |  7- 9 || total
-------------------------+-------+-------+-------++-------
Melee: Unarmed           |    19 |       |       ||    19
       Punch             |     1 |     1 |       ||     2
       Tailslap          |     1 |       |    17 ||    18
       Hand axe          |       |    11 |    61 ||    72
       Great sword       |       |       |    54 ||    54
 Cast: Magic Dart        |    65 |       |     5 ||    70
       Searing Ray       |     7 |    14 |    45 ||    66
       Fulminant Prism   |       |       |    11 ||    11
       Iskenderun's Myst |       |       |    10 ||    10
 Abil: Breathe Frost     |       |       |     2 ||     2
Evoke: Wand              |       |       |     1 ||     1
  Use: Scroll            |       |       |    12 ||    12
       Potion            |       |       |     4 ||     4
Armor: Skin              |    15 |     6 |    87 ||   108
Dodge: Dodged            |    37 |    24 |   172 ||   233
